 Dungeon Crawl Stone Soup version 0.20.1-1-g8b1a95d (webtiles) character file.

9832 KoningWillie the Carver (level 11, -3/99 HPs)
             Began as a Minotaur Fighter on Sept 24, 2017.
             Slain by a smoke demon (4 damage)
             ... summoned by a kobold demonologist
             ... on level 11 of the Dungeon.
             The game lasted 00:26:24 (12691 turns).

KoningWillie the Carver (Minotaur Fighter)         Turns: 12691, Time: 00:26:25

Health: -3/99      AC: -6    Str: 22    XL:     11   Next: 28%
Magic:  0/10       EV: 10    Int:  5    God:
Gold:   441        SH:  0    Dex: 12    Spells: 10/10 levels left

rFire    + . .     SeeInvis +   D - +0 great sword
rCold    . . .     Gourm    .   (shield currently unavailable)
rNeg     . . .     Faith    .   h - +0 chain mail
rPois    .         Spirit   +   (helmet restricted)
rElec    .         Reflect  .   g - scarf {Spirit}
rCorr    .         Harm     .   a - +4 pair of gloves of Nyghas {+Blink rF+}
MR       .....                  (no boots)
Stlth    ..........             j - amulet of rage
Regen    0.3/turn               p - ring of see invisible
MPRegen  0.2/turn               K - +2 ring of slaying

@: corroded
A: retaliatory headbutt, horns 2
a: Evoke Blink, Evoke Berserk Rage


You were on level 11 of the Dungeon.
You were not hungry.

You visited 1 branch of the dungeon, and saw 11 of its levels.

You collected 629 gold pieces.
You spent 188 gold pieces at shops.

Inventory:

Hand Weapons
 D - a +0 great sword (weapon)
Armour
 a - the +4 pair of gloves of Nyghas (worn) {+Blink rF+}
   (You acquired it on level 10 of the Dungeon)

   It protects you from fire.
   It lets you blink.
 g - a scarf of spirit shield (worn)
 h - a +0 chain mail (worn)
 L - a +1 pair of gloves
Jewellery
 j - an amulet of rage (around neck)
 l - an uncursed ring of resist corrosion
 p - a ring of see invisible (left hand)
 B - an uncursed ring of positive energy
 K - a +2 ring of slaying (right hand)
Wands
 n - a wand of flame (27/48)
 C - a wand of lightning (13/15)
 E - a wand of confusion (21/48)
 G - a wand of confusion (22/48)
 J - a wand of lightning (11/15)
Scrolls
 b - a scroll of teleportation
 c - 2 scrolls of recharging
 r - 2 scrolls of magic mapping
 t - 2 scrolls of amnesia
 x - 2 scrolls of enchant armour
 y - 3 scrolls of remove curse
 A - a scroll of blinking
Potions
 d - 4 potions of might
 e - 3 potions of curing
 k - a potion of ambrosia
 o - a potion of agility
 q - 2 potions of haste
 s - a potion of flight
 v - a potion of cancellation
 w - a potion of mutation
 F - 2 potions of lignification
Books
 I - a book of Cantrips

   Spells                             Type                      Level
   a - Confusing Touch                Hexes                        1
   b - Animate Skeleton               Necromancy                   1
   c - Summon Small Mammal            Summoning                    1
   d - Apportation                    Translocation                1
Miscellaneous
 M - a crystal ball of energy
Comestibles
 f - 5 bread rations
 i - 4 fruits
 u - 3 royal jellies
 z - 2 meat rations


   Skills:
 + Level 10.1 Fighting
 + Level 14.3 Long Blades
 + Level 10.8 Armour
 + Level 4.3 Dodging
 - Level 1.4 Stealth
   Level 4.6 Shields
 - Level 0.5 Evocations


You had 10 spell levels left.
You didn't know any spells.

Dungeon Overview and Level Annotations

Branches:
Dungeon (11/15)            Temple (0/1) D:5             Orc (0/2) D:10
   Lair: D:8-11

Altars:
Makhleb
Okawaru

Shops:
D:6 ?   D:9 (   D:11 %

Annotations:
D:2 Sigmund
D:3 McKennaii's ghost, amateur DsFi


Innate Abilities, Weirdness & Mutations

You reflexively headbutt those who attack you in melee.
You have a pair of horns on your head.


Message History

The smoke demon hits you.
* * * LOW HITPOINT WARNING * * *
The smoke demon barely misses you. The smoke demon hits you.
* * * LOW HITPOINT WARNING * * *
The kobold hits you with a dagger.
* * * LOW HITPOINT WARNING * * *
The kobold hits you.
* * * LOW HITPOINT WARNING * * *
The kobold demonologist hits you with a dagger.
* * * LOW HITPOINT WARNING * * *
The crimson imp closely misses you. You furiously retaliate!
You headbutt the crimson imp. The white imp closely misses you.
You furiously retaliate!
You headbutt the white imp, but do no damage.
The kobold throws a stone.
The stone hits you but does no damage. The rust devil hits you!
* * * LOW HITPOINT WARNING * * *
The rust devil corrodes you! The red devil closely misses you.
The smoke demon hits you.
You die...

##.......a(...............>......
)(......cZT((((..................
.....####c#####......./..........
.....# #(# #..................
###..# #(# #()..(.............
#..# #(# #(................. #..#
#(# #(K(......†........ #..# #.#
#5(3.((..(......... #..# #(#
#K@5........)...... #..# #(#
#4KK............... #..# #c#
#((4............... #..# #.#
#(................. #.#
#(................. #(#
#((................ #.#
#.................. #(#
#...........∩......
..####.#####.........


You could see a rust devil, a kobold demonologist, a smoke demon, a red devil, a
crimson imp, a white imp and 3 kobolds.

Vanquished Creatures
  2 two-headed ogres
  The ghost of mimosa the Cleaver, a novice HOBe of Trog (D:7)
  A kobold demonologist (D:11)
  4 trolls
  A merfolk (D:11)
  3 slime creatures (D:11)
  A hippogriff (D:7)
  Grum (D:10)
  A steam dragon (D:8)
  A soldier ant (D:11)
  Edmund (D:5)
  Duvessa (D:5)
  A water moccasin (D:11)
  5 orc warriors
  A phantom (D:10)
  2 sky beasts
  2 black bears
  4 ogres
  2 wolves (D:10)
  An eye of draining (D:10)
  14 centaurs
  8 bullfrogs
  A big kobold (D:8)
  A wyvern zombie (D:11)
  Dowan (D:5)
  2 scorpions (D:10)
  A wyvern skeleton (D:10)
  3 killer bees
  8 wights
  A howler monkey (D:7)
  6 crimson imps
  2 bullfrog zombies
  A jelly (D:11)
  4 bullfrog skeletons
  A centaur skeleton (D:4)
  4 orc priests
  3 hounds
  2 iguanas
  10 orc wizards
  4 worker ants
  2 hound zombies
  A howler monkey zombie (D:5)
  9 adders
  5 gnolls
  2 shadow imps (D:10)
  An ooze (D:2)
  3 adder skeletons
  A worm (D:3)
  4 dart slugs
  7 leopard geckos
  35 orcs
  5 giant cockroaches
  4 hobgoblins
  10 jackals
  3 quokkas
  10 bats
  8 frilled lizards
  7 goblins
  14 kobolds
  A leopard gecko skeleton (D:7)
  A quokka skeleton (D:4)
  7 rats
253 creatures vanquished.

Vanquished Creatures (others)
  An orc (D:8)
1 creature vanquished.

Grand Total: 254 creatures vanquished

Notes
Turn   | Place    | Note
-------+----------+-------------------------------------------
     0 | D:1      | KoningWillie the Minotaur Fighter began the quest for the Orb.
     0 | D:1      | Reached XP level 1. HP: 19/19 MP: 0/0
   212 | D:1      | Reached XP level 2. HP: 27/27 MP: 1/1
   664 | D:1      | Reached XP level 3. HP: 33/33 MP: 2/2
  1349 | D:2      | Reached skill level 3 in Long Blades
  1640 | D:2      | Noticed Sigmund
  1982 | D:3      | Reached XP level 4. HP: 37/40 MP: 3/3
  2058 | D:3      | Found a burning altar of Makhleb.
  2446 | D:3      | Noticed McKennaii's ghost (amateur DsFi)
  2638 | D:4      | Reached XP level 5. HP: 36/47 MP: 4/4
  2754 | D:4      | Reached skill level 1 in Dodging
  2759 | D:4      | Reached skill level 4 in Long Blades
  3941 | D:5      | Entered Level 5 of the Dungeon
  3989 | D:5      | Reached XP level 6. HP: 53/53 MP: 5/5
  4110 | D:5      | Found a staircase to the Ecumenical Temple.
  4118 | D:5      | Reached skill level 5 in Fighting
  4118 | D:5      | Reached skill level 5 in Long Blades
  4143 | D:5      | Reached skill level 5 in Armour
  4326 | D:5      | Reached skill level 6 in Long Blades
  4458 | D:5      | Noticed Dowan
  4458 | D:5      | Reached XP level 7. HP: 55/61 MP: 6/6
  4459 | D:5      | Noticed Duvessa
  4476 | D:5      | Killed Duvessa
  4476 | D:5      | Killed Dowan
  4824 | D:5      | Reached skill level 7 in Long Blades
  5170 | D:5      | Noticed Edmund
  5188 | D:5      | Killed Edmund
  5286 | D:5      | Reached XP level 8. HP: 70/70 MP: 7/7
  5434 | D:5      | Reached skill level 8 in Long Blades
  6224 | D:6      | Found an iron altar of Okawaru.
  6309 | D:6      | Found Behodi's Magic Scroll Emporium.
  6315 | D:6      | Bought a scroll of identify for 26 gold pieces
  6315 | D:6      | Bought a scroll of identify for 26 gold pieces
  6315 | D:6      | Bought a scroll of teleportation for 39 gold pieces
  6315 | D:6      | Bought a scroll of blinking for 97 gold pieces
  6708 | D:7      | Noticed a hippogriff
  6721 | D:6      | Reached skill level 1 in Stealth
  6807 | D:7      | Reached skill level 9 in Long Blades
  6840 | D:7      | Killed a hippogriff
  6878 | D:7      | Noticed mimosa's ghost (novice HOBe)
  6899 | D:8      | Reached XP level 9. HP: 67/78 MP: 8/8
  6967 | D:8      | Noticed a two-headed ogre
  7243 | D:8      | Noticed a two-headed ogre
  7307 | D:7      | Reached skill level 10 in Long Blades
  7395 | D:8      | Noticed a two-headed ogre
  7653 | D:7      | Killed mimosa's ghost
  7873 | D:7      | Reached skill level 11 in Long Blades
  8453 | D:8      | HP: 2/82 [orc wizard/puff of flame (9)]
  8463 | D:8      | HP: 4/82 [orc wizard/magic dart (6)]
  8822 | D:8      | Killed a two-headed ogre
  8822 | D:8      | Reached XP level 10. HP: 61/90 MP: 5/9
  8905 | D:8      | Reached skill level 12 in Long Blades
  9166 | D:9      | Found Niheir's Antique Weapon Emporium.
  9469 | D:10     | Entered Level 10 of the Dungeon
  9494 | D:10     | Noticed Grum
  9826 | D:10     | Killed Grum
  9914 | D:10     | Identified a scroll of acquirement
  9915 | D:10     | Got a pair of twisted gloves
  9927 | D:10     | Identified the +4 pair of gloves of Nyghas {+Blink rF+} (You acquired it on level 10 of the Dungeon)
 10596 | D:10     | Found a staircase to the Orcish Mines.
 10894 | D:10     | Reached skill level 13 in Long Blades
 11487 | D:11     | Noticed a two-headed ogre
 11498 | D:11     | Killed a two-headed ogre
 11498 | D:11     | Reached skill level 10 in Armour
 11564 | D:11     | Reached XP level 11. HP: 76/99 MP: 8/10
 12081 | D:11     | Noticed a death yak
 12081 | D:11     | Noticed a death yak
 12229 | D:11     | Reached skill level 14 in Long Blades
 12336 | D:11     | Reached skill level 10 in Fighting
 12513 | D:11     | Found Pohijiucha's Food Emporium.
 12691 | D:11     | HP: 1/99 [rust devil[a kobold demonologist] (6)]
 12691 | D:11     | Slain by a smoke demon

Skill      XL: |  1  2  3  4  5  6  7  8  9 10 11 |
---------------+----------------------------------+-----
Shields        | 4 |  4.6
Fighting       | 4 5 6 8 9 10 | 10.1
Long Blades    | 3 4 6 7 9 11 13 14 | 14.3
Armour         | 4 5 6 7 9 10 | 10.8
Dodging        | 1 2 3 4 |  4.3
Stealth        | 1 |  1.4
Evocations     | |  0.5

Action                   |  1- 3 |  4- 6 |  7- 9 | 10-12 || total
-------------------------+-------+-------+-------+-------++-------
Melee: Long sword        |    94 |   135 |   179 |       ||   408
       Headbutt          |    16 |    20 |    64 |    56 ||   156
       Great sword       |       |       |    89 |   200 ||   289
 Abil: Evoke Blink       |       |       |       |     1 ||     1
Evoke: Wand              |       |       |     4 |       ||     4
  Use: Scroll            |     7 |     5 |     9 |     5 ||    26
       Potion            |     1 |       |     5 |     2 ||     8
  Eat: Meat ration       |     1 |     1 |     1 |     1 ||     4
       Fruit             |       |    10 |    10 |       ||    20
       Bread ration      |       |       |       |     1 ||     1
Armor: Scale mail        |    25 |    94 |    13 |       ||   132
       Chain mail        |       |       |    84 |   175 ||   259
Dodge: Dodged            |    25 |    63 |    96 |   167 ||   351
Block: Shield            |    51 |    83 |    81 |       ||   215
       Rpst.: Long sword |     5 |    15 |    18 |       ||    38
       Great sword       |       |       |     7 |    37 ||    44
